 Dungeon Crawl Stone Soup version 0.22-a0-799-g88f5e907b7 (webtiles) character file.

100 Htamos the Gusty (level 4, -8/24 HPs)
             Began as a Tengu Air Elementalist on July 21, 2018.
             Mangled by an ogre
             ... wielding a +0 giant club
              (19 damage)
             ... on level 4 of the Dungeon.
             The game lasted 00:05:43 (3398 turns).

Htamos the Gusty (Tengu Air Elementalist)           Turns: 3398, Time: 00:05:43

Health: -8/24      AC:  4    Str:  9    XL:     4   Next: 74%
Magic:  2/8        EV: 13    Int: 16    God:
Gold:   221        SH:  0    Dex: 14    Spells: 7/8 levels left

rFire    . . .     SeeInvis .   s - staff of death
rCold    . . .     Gourm    .   (no shield)
rNeg     + . .     Faith    .   a - +1 robe
rPois    .         Spirit   .   (helmet restricted)
rElec    .         Reflect  .   n - scarf {repulsion}
rCorr    .         Harm     .   x - +0 pair of gloves
MR       +....                  (boots unavailable)
Stlth    ++........             (no amulet)
HPRegen  0.08/turn              p - ring of protection from magic
MPRegen  0.11/turn              (no ring)

@: very slightly contaminated, repel missiles
A: beak, talons 3
a: no special abilities


You were on level 4 of the Dungeon.
You were hungry.

You visited 1 branch of the dungeon, and saw 4 of its levels.

You collected 221 gold pieces.

Inventory:

Hand Weapons
 f - a +1 dagger of protection
 g - a +0 spear
Armour
 a - a +1 robe (worn)
 n - a scarf of repulsion (worn)
 t - a +0 ring mail
 x - a +0 pair of gloves (worn)
Magical Staves
 s - an uncursed staff of death (weapon)
Jewellery
 p - a ring of protection from magic (left hand)
Wands
 j - a wand of paralysis (19)
Scrolls
 e - 4 scrolls of enchant armour
 i - 2 scrolls of blinking
 k - 2 scrolls of teleportation {unknown}
 l - a scroll of fog {unknown}
 o - 2 scrolls of remove curse {unknown}
 q - a scroll of enchant weapon {unknown}
 u - a scroll of identify
 w - a scroll of random uselessness {unknown}
 y - a scroll of amnesia {unknown}
Potions
 b - a potion of agility {unknown}
 d - a potion of cancellation {unknown}
 h - a potion of curing
 m - a potion of might {unknown}
 v - a potion of lignification {unknown}
Comestibles
 c - 6 rations
 r - 2 chunks of flesh


   Skills:
 + Level 0.2 Fighting
 + Level 2.8 Dodging
 + Level 2.7 Stealth
 + Level 2.5 Spellcasting
 + Level 2.3 Conjurations
 * Level 5.3 Air Magic


You had 7 spell levels left.
You knew the following spells:

 Your Spells              Type           Power        Failure   Level  Hunger
a - Shock                 Conj/Air       ##..         4%          1    #......

Your spell library contained the following spells:

 Spells                   Type           Power        Failure   Level  Hunger
 Lightning Bolt           Conj/Air       ##........   75%         5    ######.
 Swiftness                Chrm/Air       ##......     10%         2    ##.....
 Airstrike                Air            ###.......   22%         4    #####..
 Static Discharge         Conj/Air       ##......     12%         3    ###....


Dungeon Overview and Level Annotations

Branches:
Dungeon (4/15)
 Temple: D:4-7

Altars:
Makhleb
Ru
Xom
Yredelemnul


Innate Abilities, Weirdness & Mutations

You have a beak for a mouth.
You have claws for feet.


Message History

As you open the door, it creaks loudly! The ogre barely misses you.
There is an open door here.
The gnoll hits you from afar with a halberd!
* * * LOW HITPOINT WARNING * * *
Casting: Shock (safe; 4% risk of failure)
Confirm with . or Enter, or press ? or * to list all spells.
Aiming: Shock (safe; 4% risk of failure)
Press: ? - help, Shift-Dir - straight line, f - ogre
Aim: an ogre, wielding a giant club (severely wounded)
The zap hits the ogre.
The ogre is almost dead.
* * * LOW MAGIC WARNING * * *
The ogre hits you with a giant club!
* * * LOW HITPOINT WARNING * * *
There is an open door here.
It was a potion of curing.
You feel better. The ogre hits you with a giant club!!
Ouch! That really hurt!
You die...

#.....#..#.....# ....
+.....#..'.....# ....
#.....#####.##.# ....
##.......#####.######...
#.......#..........#...
#.......#..........#...
####.......#####^####'#...
##..#######....##.#.....###
.........O@....#..#.....#
........g.#....#..#.....#
...##....#.)..#..#.....#
#######....#....#..'.....#
#..........#....####.....#
#.....g....#........######
#+##.###...#........#
#.###...#........#
#...#...#........#


You could see an ogre and 2 gnolls.

Vanquished Creatures
  An adder (D:3)
  2 gnolls
  A dart slug (D:1)
  3 leopard geckos (D:3)
  3 orcs (D:3)
  3 giant cockroaches
  6 goblins
  7 hobgoblins
  8 jackals
  7 kobolds
  2 quokkas (D:2)
  6 bats
  5 frilled lizards
  6 rats
60 creatures vanquished.

Notes
Turn   | Place    | Note
-------+----------+-------------------------------------------
     0 | D:1      | Htamos the Tengu Air Elementalist began the quest for the Orb.
     0 | D:1      | Reached XP level 1. HP: 10/10 MP: 4/4
   236 | D:1      | Reached XP level 2. HP: 15/15 MP: 3/6
   702 | D:1      | Reached XP level 3. HP: 19/19 MP: 0/7
  1400 | D:2      | Found a burning altar of Makhleb.
  1403 | D:2      | Found a shimmering altar of Xom.
  1405 | D:2      | Found a sacrificial altar of Ru.
  1694 | D:2      | Found a sacrificial altar of Ru.
  1805 | D:2      | Found a basalt altar of Yredelemnul.
  2100 | D:3      | Reached skill level 5 in Air Magic
  2217 | D:3      | Reached XP level 4. HP: 24/24 MP: 2/8
  3329 | D:4      | Noticed an ogre
  3398 | D:4      | Mangled by an ogre

Vault maps used:
D:1:      ncdulo_wetmaze, minmay_misc_feat_ornament
D:2:      nicolae_overflow_hidden_temple, nicolae_ru_awakened_eye
D:3:      minmay_misc_feat_nine_boxes, st_stairs_1, minmay_misc_feat_rows
D:4:      first_ration

Skill      XL: |  1  2  3 |
---------------+----------+-----
Conjurations   | 2 |  2.3
Air Magic      | 5 |  5.3
Fighting       | |  0.2
Dodging        | |  2.8
Stealth        | |  2.7
Spellcasting   | |  2.5

Action                   |  1- 3 |  4- 6 || total
-------------------------+-------+-------++-------
Melee: Kick              |     4 |     1 ||     5
       Unarmed           |     2 |       ||     2
       Spear             |     7 |       ||     7
       Peck              |     3 |       ||     3
       Staff             |       |     4 ||     4
 Cast: Shock             |    81 |    58 ||   139
  Use: Scroll            |     3 |       ||     3
       Potion            |       |     1 ||     1
  Eat: Chunk             |     5 |     4 ||     9
Armor: Robe              |     1 |     2 ||     3
Dodge: Dodged            |    10 |    11 ||    21
       Deflected         |     1 |     1 ||     2

Table legend:
 A = Spawn XP
 B = Non-spawn XP
 C = Spawn XP percentage of total XP
 D = Spawn monster count
 E = Non-spawn monster count
 F = Spawn count percentage of total count
 G = Total turns spent on level
                    A         B        C        D         E        F      G
               +---------+---------+-------+---------+---------+-------+---------
         Total |       0 |     144 |   0.0 |       0 |      60 |   0.0 |  3398
               +---------+---------+-------+---------+---------+-------+---------
           D:1 |       0 |      42 |   0.0 |       0 |      18 |   0.0 |   877
           D:2 |       0 |      29 |   0.0 |       0 |      17 |   0.0 |  1207
           D:3 |       0 |      57 |   0.0 |       0 |      23 |   0.0 |  1106
           D:4 |       0 |      16 |   0.0 |       0 |       2 |   0.0 |   208
               +---------+---------+-------+---------+---------+-------+---------
